[Event "FIN-ch 2019"]
[Site "Helsinki"]
[Date "2019.06.12"]
[Round "2.1"]
[White "Norri, Joose"]
[Black "Luukkonen, Tommi"]
[Result "0-1"]
[ECO "A04"]
[WhiteElo "2271"]
[BlackElo "2330"]
[Annotator "NA"]
[PlyCount "68"]
[EventDate "2019.06.10"]
[EventType "swiss"]
[EventCountry "FIN"]
[SourceTitle "playchess.com"]
[Source "ChessBase"]
[SourceQuality "1"]
[TimeControl "40/5400+30:1800+30"]

1. Nf3 c5 2. b3 d6 3. e3 Nc6 4. d4 g6 5. Bb2 Bg7 6. Nbd2 cxd4 7. exd4 Nh6 8. Be2 Nf5 9. c3 d5 10. O-O O-O 11. Qc2 a5 12. Rfe1 f6 13. c4 dxc4 14. Qxc4+ Kh8 15. a3 e5 16. dxe5 fxe5 17. Rad1 Qb6 18. Ng5 Ncd4 19. Bxd4 Nxd4 20. Ndf3 Qf6 21. Nxd4 exd4 22. Ne4 Qe7 23. Bf3 Qd8 24. Ng3 Ra6 25. Rd3 Qd6 26. b4 axb4 27. axb4 Ra4 28. Qc5 Qxc5 29. bxc5 Rc4 30. Ne4 Bf5 31. g4 Bd7 32. Kg2 Bc6 33. Nd6 Rxc5 34. Nxb7 Rxf3 0-1

[Event "FIN-ch 2019"]
[Site "Helsinki"]
[Date "2019.06.12"]
[Round "2.2"]
[White "Keinanen, Toivo"]
[Black "Nyysti, Sampsa"]
[Result "1-0"]
[ECO "E06"]
[WhiteElo "2370"]
[BlackElo "2320"]
[Annotator "NA"]
[PlyCount "127"]
[EventDate "2019.06.10"]
[EventType "swiss"]
[EventCountry "FIN"]
[SourceTitle "playchess.com"]
[Source "ChessBase"]
[SourceQuality "1"]
[TimeControl "40/5400+30:1800+30"]

1. d4 Nf6 2. c4 e6 3. g3 d5 4. Nf3 Be7 5. Bg2 O-O 6. Nc3 dxc4 7. Ne5 Nc6 8. Bxc6 bxc6 9. Nxc6 Qe8 10. Nxe7+ Qxe7 11. Qa4 c5 12. Qxc4 Bb7 13. O-O cxd4 14. Qxd4 e5 15. Qh4 Qe6 16. e4 Nd7 17. Be3 f5 18. Rad1 Nf6 19. f3 fxe4 20. fxe4 h6 21. Rf5 g6 22. Rff1 h5 23. Bc5 Ng4 24. Rxf8+ Rxf8 25. Rd8 Re8 26. Rxe8+ Qxe8 27. h3 Nh6 28. Qf6 a6 29. Bd6 Qf7 30. Bxe5 Qxf6 31. Bxf6 Kf8 32. Kf2 Bc8 33. Kg2 Ke8 34. Nd5 Bb7 35. Kf3 Kd7 36. Kf4 Nf7 37. Nc3 Ke6 38. Bg5 Kd6 39. h4 Ne5 40. b3 Ke6 41. Ke3 Nd7 42. Kd4 Bc6 43. Ne2 Bb7 44. Nf4+ Kf7 45. Nd3 Ke6 46. Bc1 Kf6 47. Bb2 Ke6 48. Bc3 Kf7 49. Bb4 Ke6 50. Nf4+ Kf6 51. Bd6 Ba8 52. Bc7 Bb7 53. Bd8+ Kf7 54. Bg5 Ba8 55. a4 Bb7 56. e5 Nf8 57. Kc5 Ne6+ 58. Kb6 Bc8 59. Nxe6 Kxe6 60. Bf4 Kd7 61. b4 Kd8 62. a5 Kd7 63. b5 axb5 64. a6 1-0

[Event "FIN-ch 2019"]
[Site "Helsinki"]
[Date "2019.06.12"]
[Round "2.3"]
[White "Sipila, Vilka"]
[Black "Hokkanen, Petri"]
[Result "1-0"]
[ECO "B09"]
[WhiteElo "2410"]
[BlackElo "2199"]
[Annotator "NA"]
[PlyCount "42"]
[EventDate "2019.06.10"]
[EventType "swiss"]
[EventCountry "FIN"]
[SourceTitle "playchess.com"]
[Source "ChessBase"]
[SourceQuality "1"]
[TimeControl "40/5400+30:1800+30"]

1. e4 d6 2. d4 Nf6 3. Nc3 g6 4. f4 Bg7 5. Nf3 O-O 6. Bd3 Nc6 7. e5 dxe5 8. fxe5 Nd5 9. Nxd5 Qxd5 10. c3 a6 11. Qe2 Rb8 12. O-O b5 13. Be4 Qd7 14. e6 fxe6 15. Be3 Bb7 16. Ng5 Na5 17. Bd3 Nc4 18. Rxf8+ Rxf8 19. Nxh7 Kxh7 20. Qh5+ Kg8 21. Bxg6 Rf6 1-0

[Event "FIN-ch 2019"]
[Site "Helsinki"]
[Date "2019.06.12"]
[Round "2.4"]
[White "Koykka, Pekka"]
[Black "Ronka, Erik"]
[Result "1-0"]
[ECO "B13"]
[WhiteElo "2399"]
[BlackElo "2270"]
[Annotator "NA"]
[PlyCount "79"]
[EventDate "2019.06.10"]
[EventType "swiss"]
[EventCountry "FIN"]
[SourceTitle "playchess.com"]
[Source "ChessBase"]
[SourceQuality "1"]
[TimeControl "40/5400+30:1800+30"]

1. e4 c6 2. d4 d5 3. exd5 cxd5 4. Bd3 Nc6 5. c3 Qc7 6. h3 g6 7. Nf3 Nf6 8. Qc2 Bg7 9. O-O O-O 10. Re1 Bd7 11. Bg5 e6 12. Nbd2 Rfc8 13. Qc1 Be8 14. Nf1 Na5 15. N1h2 Nc4 16. Bxf6 Bxf6 17. g4 b5 18. g5 Bg7 19. Ng4 b4 20. Bxc4 dxc4 21. Nfe5 bxc3 22. bxc3 Qe7 23. Qf4 Bc6 24. Rab1 Bd5 25. Rb5 Bc6 26. Rb4 a5 27. Rb6 Ba4 28. Nf6+ Kh8 29. Reb1 Ra7 30. Rb8 Rac7 31. R1b2 h6 32. h4 h5 33. Qf3 Qd8 34. R8b7 Bxf6 35. gxf6 Qf8 36. Rxc7 Rxc7 37. Qf4 Kh7 38. Nxg6 Qa3 39. Qxc7 Kxg6 40. Qg3+ 1-0

[Event "FIN-ch 2019"]
[Site "Helsinki"]
[Date "2019.06.12"]
[Round "2.5"]
[White "Heinola, Vesa"]
[Black "Jarvenpaa, Jari"]
[Result "0-1"]
[ECO "D20"]
[WhiteElo "2263"]
[BlackElo "2204"]
[Annotator "NA"]
[PlyCount "95"]
[EventDate "2019.06.10"]
[EventType "swiss"]
[EventCountry "FIN"]
[SourceTitle "playchess.com"]
[Source "ChessBase"]
[SourceQuality "1"]
[TimeControl "40/5400+30:1800+30"]

1. d4 d5 2. c4 dxc4 3. e3 c5 4. Bxc4 cxd4 5. exd4 Qc7 6. Bb3 Bg4 7. f3 Bd7 8. Nc3 e6 9. Nge2 Nf6 10. Bg5 Be7 11. Rc1 Qa5 12. Bd2 Qd8 13. O-O Bc6 14. Be3 O-O 15. Nf4 Bd6 16. Ne4 Bxf4 17. Bxf4 Nxe4 18. fxe4 Bxe4 19. Bc7 Qd7 20. Rf4 Nc6 21. Rxe4 Qxc7 22. Qh5 Rad8 23. Rg4 g6 24. Qh6 Rfe8 25. Rh4 f5 26. Qe3 Qe7 27. Rf4 Kh8 28. Ba4 Qd6 29. Bxc6 bxc6 30. h4 Kg8 31. Rc5 Kf7 32. Ra5 Re7 33. Ra6 Rdd7 34. Qf3 Rc7 35. Ra5 c5 36. Qg3 Qb6 37. Rxc5 Rxc5 38. dxc5 Qxc5+ 39. Kh2 Rd7 40. Rf1 Qc4 41. Rf4 Qxa2 42. Qc3 Qd5 43. Qh8 Qd6 44. Qxh7+ Kf8 45. Qh6+ Rg7 46. Qh8+ Kf7 47. Qh6 g5 48. Qh5+ 0-1

[Event "FIN-ch 2019"]
[Site "Helsinki"]
[Date "2019.06.12"]
[Round "2.6"]
[White "Lindholm, Jere"]
[Black "Agopov, Mikael"]
[Result "0-1"]
[ECO "B12"]
[WhiteElo "2145"]
[BlackElo "2432"]
[Annotator "NA"]
[PlyCount "64"]
[EventDate "2019.06.10"]
[EventType "swiss"]
[EventCountry "FIN"]
[SourceTitle "playchess.com"]
[Source "ChessBase"]
[SourceQuality "1"]
[TimeControl "40/5400+30:1800+30"]

1. e4 c6 2. d4 d5 3. e5 Bf5 4. Nf3 e6 5. Be2 Nd7 6. O-O Ne7 7. Nbd2 h6 8. Nb3 g5 9. Ne1 Qc7 10. Nd3 Ng6 11. Be3 O-O-O 12. g3 f6 13. exf6 Nxf6 14. Nbc5 Bd6 15. a4 Nf4 16. gxf4 gxf4 17. Bd2 Rhg8+ 18. Kh1 Ne4 19. f3 Qg7 20. Rg1 Qxg1+ 21. Qxg1 Rxg1+ 22. Rxg1 Nxd2 23. b3 b6 24. Rd1 bxc5 25. dxc5 Bxd3 26. Bxd3 Nxf3 27. cxd6 Ne5 28. Re1 Nxd3 29. cxd3 Kd7 30. Kg2 Kxd6 31. d4 Rb8 32. Rb1 Rb4 0-1

[Event "FIN-ch 2019"]
[Site "Helsinki"]
[Date "2019.06.12"]
[Round "2.7"]
[White "Lahdelma, Henri"]
[Black "Ristoja, Samu"]
[Result "1-0"]
[ECO "B15"]
[WhiteElo "2188"]
[BlackElo "2197"]
[Annotator "NA"]
[PlyCount "105"]
[EventDate "2019.06.10"]
[EventType "swiss"]
[EventCountry "FIN"]
[SourceTitle "playchess.com"]
[Source "ChessBase"]
[SourceQuality "1"]
[TimeControl "40/5400+30:1800+30"]

1. d4 g6 2. e4 Bg7 3. Nf3 c6 4. Nc3 d5 5. h3 dxe4 6. Nxe4 Nd7 7. Bc4 Ngf6 8. Ng3 O-O 9. O-O Qc7 10. Qe2 e6 11. c3 b5 12. Bb3 a5 13. Ne4 Nd5 14. Re1 a4 15. Bc2 Ba6 16. Bg5 h6 17. Bd2 Rfe8 18. b4 axb3 19. axb3 c5 20. Bd3 c4 21. bxc4 bxc4 22. Bc2 Bb7 23. Ba4 Bc6 24. Bxc6 Qxc6 25. Rxa8 Rxa8 26. Qd1 Ra3 27. Qc1 Rb3 28. Bxh6 Bh8 29. Nfd2 Rb8 30. h4 N7f6 31. Nxf6+ Nxf6 32. Qa3 Nd5 33. Ne4 Ra8 34. Qc1 Ne7 35. Qg5 Nf5 36. h5 Kh7 37. hxg6+ fxg6 38. Nf6+ Bxf6 39. Qxf6 Nxh6 40. Qe7+ Kh8 41. Rxe6 Ng4 42. Qh4+ Kg7 43. Qxg4 Ra1+ 44. Kh2 Qc7+ 45. Qg3 Qxg3+ 46. Kxg3 Rc1 47. Re3 Rc2 48. Kf3 g5 49. g3 Kg6 50. Ke4 Rxf2 51. Kd5 Kf5 52. Kxc4 Kg4 53. d5 1-0

[Event "FIN-ch 2019"]
[Site "Helsinki"]
[Date "2019.06.13"]
[Round "4.2"]
[White "Sipila, Vilka"]
[Black "Luukkonen, Tommi"]
[Result "1-0"]
[ECO "B09"]
[WhiteElo "2410"]
[BlackElo "2330"]
[Annotator "NA"]
[PlyCount "63"]
[EventDate "2019.06.10"]
[EventType "swiss"]
[EventCountry "FIN"]
[SourceTitle "playchess.com"]
[Source "ChessBase"]
[SourceQuality "1"]
[TimeControl "40/5400+30:1800+30"]

1. e4 d6 2. d4 Nf6 3. Nc3 g6 4. f4 Bg7 5. Nf3 O-O 6. Bd3 Nc6 7. e5 dxe5 8. fxe5 Nh5 9. Be3 Bg4 10. Be2 f6 11. exf6 exf6 12. d5 Qe7 13. Qd2 Rad8 14. O-O-O Rfe8 15. Bf2 Qf8 16. Kb1 Bh6 17. Qe1 Nb4 18. Qg1 Nxc2 19. Kxc2 Rxe2+ 20. Nxe2 Bf5+ 21. Kb3 Qf7 22. Nc3 b5 23. g4 b4 24. gxf5 bxc3 25. Kxc3 Nf4 26. Kc2 Nxd5 27. Kb1 Re8 28. fxg6 Nc3+ 29. bxc3 Qc4 30. gxh7+ Kf7 31. Rd7+ Ke6 32. Qg8+ 1-0

[Event "FIN-ch 2019"]
[Site "Helsinki"]
[Date "2019.06.13"]
[Round "4.3"]
[White "Hokkanen, Petri"]
[Black "Nyysti, Sampsa"]
[Result "0-1"]
[ECO "A30"]
[WhiteElo "2199"]
[BlackElo "2320"]
[Annotator "NA"]
[PlyCount "58"]
[EventDate "2019.06.10"]
[EventType "swiss"]
[EventCountry "FIN"]
[SourceTitle "playchess.com"]
[Source "ChessBase"]
[SourceQuality "1"]
[TimeControl "40/5400+30:1800+30"]

1. Nf3 Nf6 2. c4 c5 3. g3 b6 4. Bg2 Bb7 5. O-O e6 6. b3 Be7 7. Bb2 O-O 8. Nc3 d6 9. e3 Nbd7 10. h3 a6 11. a4 Rc8 12. d3 d5 13. Re1 Qc7 14. e4 d4 15. Ne2 e5 16. Nh4 g6 17. Bc1 Nh5 18. Bh6 Ng7 19. Qd2 f5 20. f4 fxe4 21. dxe4 Nf6 22. Qd3 Nfh5 23. Nf3 exf4 24. gxf4 Bd6 25. e5 Be7 26. Rf1 Rf5 27. Nd2 Bxg2 28. Kxg2 Ne6 29. Rf3 Bf8 0-1

[Event "FIN-ch 2019"]
[Site "Helsinki"]
[Date "2019.06.13"]
[Round "4.4"]
[White "Jarvenpaa, Jari"]
[Black "Ronka, Erik"]
[Result "0-1"]
[ECO "B14"]
[WhiteElo "2204"]
[BlackElo "2270"]
[Annotator "RC"]
[PlyCount "120"]
[EventDate "2019.06.10"]
[EventType "swiss"]
[EventCountry "FIN"]
[SourceTitle "playchess.com"]
[Source "ChessBase"]
[SourceQuality "1"]
[TimeControl "40/5400+30:1800+30"]

1. e4 c6 2. d4 d5 3. exd5 cxd5 4. c4 Nf6 5. Nc3 g6 6. Qb3 Bg7 7. cxd5 O-O 8. g3 e6 9. dxe6 Bxe6 10. Qxb7 Nbd7 11. Bg2 Rb8 12. Qxa7 Re8 13. Nge2 Bc4 14. Bf3 Nd5 15. Bxd5 Rxe2+ 16. Kd1 Re7 17. Bxc4 Nb6 18. Qxe7 Qxe7 19. Bd3 Bxd4 20. Bd2 Bxf2 21. Kc2 Qc5 22. Rac1 Ra8 23. Kb1 Qd4 24. Be4 Rc8 25. Bb7 Rb8 26. Rhd1 Qg7 27. Bf4 Re8 28. Ne4 Bd4 29. b3 h6 30. Rc2 g5 31. Nd6 Rd8 32. Nf5 Qf6 33. Rxd4 Rxd4 34. Nxd4 gxf4 35. Nf3 Qe7 36. Bc6 fxg3 37. hxg3 Qd6 38. a4 Qa3 39. Nd2 Kg7 40. Bb5 Nd5 41. Be2 Qb4 42. Kb2 Ne3 43. Rc3 Qd4 44. Nf3 Qf6 45. Nd2 Nd5 46. Nb1 Qd4 47. Kc2 Nxc3 48. Nxc3 Qc5 49. Bc4 f5 50. Ne2 Qb4 51. Kd3 Kf6 52. Nc3 Qd6+ 53. Nd5+ Kg5 54. a5 Qxg3+ 55. Kd2 Qf2+ 56. Kd1 h5 57. a6 h4 58. Nb4 h3 59. Nd3 Qd4 60. Ke2 h2 0-1

[Event "FIN-ch 2019"]
[Site "Helsinki"]
[Date "2019.06.13"]
[Round "4.5"]
[White "Lahdelma, Henri"]
[Black "Agopov, Mikael"]
[Result "*"]
[ECO "D85"]
[WhiteElo "2188"]
[BlackElo "2432"]
[Annotator "NA"]
[PlyCount "59"]
[EventDate "2019.06.10"]
[EventType "swiss"]
[EventCountry "FIN"]
[SourceTitle "playchess.com"]
[Source "ChessBase"]
[SourceQuality "1"]
[TimeControl "40/5400+30:1800+30"]

1. d4 Nf6 2. c4 g6 3. Nc3 d5 4. cxd5 Nxd5 5. Bd2 Nb6 6. Nf3 Nc6 7. Bg5 Bg7 8. e3 O-O 9. Bb5 Na5 10. O-O Nac4 11. Rc1 c6 12. Bxc4 Nxc4 13. Qe2 Nb6 14. Rfd1 Re8 15. e4 Be6 16. b3 a5 17. Qe3 a4 18. bxa4 Nxa4 19. Nxa4 Rxa4 20. d5 cxd5 21. exd5 Bd7 22. d6 f6 23. dxe7 Qxe7 24. Qb3+ Kh8 25. Qxb7 Re4 26. Be3 Ba4 27. Qxe7 Re6 28. Qxe8+ Rxe8 29. Rd4 Re7 30. Rdc4 *

[Event "FIN-ch 2019"]
[Site "Helsinki"]
[Date "2019.06.13"]
[Round "4.6"]
[White "Norri, Joose"]
[Black "Ristoja, Samu"]
[Result "1-0"]
[ECO "D43"]
[WhiteElo "2271"]
[BlackElo "2197"]
[Annotator "NA"]
[PlyCount "69"]
[EventDate "2019.06.10"]
[EventType "swiss"]
[EventCountry "FIN"]
[SourceTitle "playchess.com"]
[Source "ChessBase"]
[SourceQuality "1"]
[TimeControl "40/5400+30:1800+30"]

1. d4 Nf6 2. c4 e6 3. Nf3 d5 4. Nc3 c6 5. Bg5 h6 6. Bh4 g5 7. Bg3 Ne4 8. e3 Bb4 9. Qb3 Qa5 10. Rc1 Nd7 11. Bd3 f5 12. Bxe4 dxe4 13. Nd2 O-O 14. c5 Nf6 15. f3 exf3 16. gxf3 Nd5 17. Nc4 Qd8 18. Bd6 Rf7 19. Ke2 Bxc3 20. bxc3 b6 21. Ne5 Rb7 22. Qc2 bxc5 23. dxc5 Qa5 24. e4 Nf4+ 25. Kf2 Bd7 26. Rb1 Rxb1 27. Rxb1 Bc8 28. h4 Ba6 29. hxg5 hxg5 30. exf5 exf5 31. Rg1 Nh3+ 32. Kg2 g4 33. fxg4 Nf4+ 34. Kh1 Ne6 35. gxf5+ 1-0

[Event "FIN-ch 2019"]
[Site "Helsinki"]
[Date "2019.06.13"]
[Round "4.7"]
[White "Lindholm, Jere"]
[Black "Tiitta, Sauli"]
[Result "0-1"]
[ECO "B12"]
[WhiteElo "2145"]
[BlackElo "2214"]
[Annotator "NA RC"]
[PlyCount "120"]
[EventDate "2019.06.10"]
[EventType "swiss"]
[EventCountry "FIN"]
[SourceTitle "playchess.com"]
[Source "ChessBase"]
[SourceQuality "1"]
[TimeControl "40/5400+30:1800+30"]

1. e4 c6 2. d4 d5 3. e5 Bf5 4. Nf3 e6 5. Be2 Nd7 6. O-O h6 7. Nbd2 g5 8. Nb3 Qc7 9. Ne1 O-O-O 10. f4 f6 11. Nf3 Be4 12. Kh1 Ne7 13. exf6 Nxf6 14. Ne5 Nf5 15. Bd3 Qg7 16. Bxe4 Nxe4 17. c3 h5 18. fxg5 Bd6 19. Bf4 h4 20. Kg1 Rhg8 21. Qe2 Bxe5 22. Bxe5 Qxg5 23. Bf4 Qg6 24. Nc5 h3 25. Nxe4 Qxg2+ 26. Qxg2 Rxg2+ 27. Kh1 dxe4 28. Rae1 Rxb2 29. Rxe4 Kd7 30. Rfe1 Re8 31. R4e2 Rxe2 32. Rxe2 Rg8 33. Rf2 Rg4 34. Rf3 Nh4 35. Rf2 Ng2 36. Bg3 Ke7 37. Rf3 Re4 38. Bf2 Rf4 39. Rxf4 Nxf4 40. Bh4+ Kf7 41. Kg1 Kg6 42. Kf2 Kf5 43. Kf3 b5 44. Be1 a5 45. Bd2 Nd5 46. Kg3 Ke4 47. Kxh3 Kd3 48. Be1 Kc2 49. Kg4 a4 50. h4 a3 51. Kg5 Ne3 52. h5 Nf5 53. c4 bxc4 54. Kf6 Kb2 55. Kxe6 Ng7+ 56. Kd6 Nxh5 57. Kxc6 c3 58. d5 c2 59. Bd2 c1=Q+ 60. Bxc1+ Kxc1 0-1

[Event "FIN-ch 2019"]
[Site "Helsinki"]
[Date "2019.06.14"]
[Round "5.2"]
[White "Nyysti, Sampsa"]
[Black "Ronka, Erik"]
[Result "0-1"]
[ECO "B12"]
[WhiteElo "2320"]
[BlackElo "2270"]
[Annotator "ChessBase"]
[PlyCount "80"]
[EventDate "2019.06.10"]
[EventType "swiss"]
[EventCountry "FIN"]
[SourceTitle "playchess.com"]
[Source "ChessBase"]
[SourceQuality "1"]
[TimeControl "40/5400+30:1800+30"]

1. e4 c6 2. d4 d5 3. e5 c5 4. dxc5 e6 5. a3 Nc6 6. Nf3 Bxc5 7. b4 Bb6 8. Bb2 Nge7 9. Bd3 Ng6 10. O-O Nf4 11. Re1 Nxd3 12. cxd3 O-O 13. Nbd2 Bd7 14. Nb3 Rc8 15. d4 Ne7 16. Nc5 Rc7 17. Qd3 a5 18. Bc1 Ng6 19. Bg5 Qe8 20. h4 h6 21. Bd2 Bb5 22. Qe3 axb4 23. axb4 Qe7 24. g3 Rb8 25. Nh2 Rcc8 26. Ng4 Bd8 27. Ra3 b6 28. Nd3 Ra8 29. Rea1 Rxa3 30. Rxa3 Qc7 31. Ne1 Ne7 32. Rc3 Qd7 33. Nf3 Rxc3 34. Bxc3 Nc6 35. Bd2 Qa7 36. Qe1 Qa3 37. Kg2 Be7 38. Bxh6 gxh6 39. Qd2 Bf1+ 40. Kxf1 Qxf3 0-1

[Event "FIN-ch 2019"]
[Site "Helsinki"]
[Date "2019.06.14"]
[Round "5.3"]
[White "Koykka, Pekka"]
[Black "Norri, Joose"]
[Result "1-0"]
[ECO "D60"]
[WhiteElo "2399"]
[BlackElo "2271"]
[Annotator "ChessBase"]
[PlyCount "75"]
[EventDate "2019.06.10"]
[EventType "swiss"]
[EventCountry "FIN"]
[SourceTitle "playchess.com"]
[Source "ChessBase"]
[SourceQuality "1"]
[TimeControl "40/5400+30:1800+30"]

1. d4 d5 2. c4 c6 3. Nf3 Nf6 4. Qb3 e6 5. Bg5 Nbd7 6. Nc3 Be7 7. e3 O-O 8. Bd3 dxc4 9. Qxc4 c5 10. dxc5 Bxc5 11. Qh4 Qb6 12. O-O-O Qb4 13. Bf4 a6 14. Bc2 Re8 15. Nd2 Be7 16. a3 Qc5 17. Nb3 Qb6 18. Qg3 Nh5 19. Qh3 g6 20. Bh6 Nc5 21. Nd2 Bf6 22. e4 Qc7 23. Qe3 b5 24. g4 Ng7 25. f4 Bb7 26. h4 Qb6 27. Rh3 b4 28. Nc4 Qc7 29. axb4 Nd7 30. Nd6 Reb8 31. e5 Be7 32. h5 Bc6 33. hxg6 fxg6 34. Bxg7 Kxg7 35. f5 Kg8 36. Qh6 Nf8 37. fxg6 Bxd6 38. gxh7+ 1-0

[Event "FIN-ch 2019"]
[Site "Helsinki"]
[Date "2019.06.14"]
[Round "5.4"]
[White "Luukkonen, Tommi"]
[Black "Hokkanen, Petri"]
[Result "0-1"]
[ECO "B11"]
[WhiteElo "2330"]
[BlackElo "2199"]
[Annotator "NA"]
[PlyCount "90"]
[EventDate "2019.06.10"]
[EventType "swiss"]
[EventCountry "FIN"]
[SourceTitle "playchess.com"]
[Source "ChessBase"]
[SourceQuality "1"]
[TimeControl "40/5400+30:1800+30"]

1. e4 c6 2. Nc3 d5 3. Nf3 Bg4 4. h3 Bxf3 5. Qxf3 e6 6. d3 Nd7 7. Bd2 Ngf6 8. g4 h6 9. h4 Qb6 10. O-O-O Ne5 11. Qg3 Nexg4 12. exd5 Nxf2 13. Bh3 Nxh1 14. Rxh1 cxd5 15. Be3 Qd6 16. Bf4 Qc6 17. Qf2 Bc5 18. Qe2 O-O-O 19. d4 Bd6 20. Be3 a6 21. Rg1 Rhg8 22. Bg2 Kb8 23. Rf1 Qc4 24. Qd1 Bb4 25. Bf4+ Ka7 26. Rf3 Rc8 27. Bf1 Qc6 28. Be5 Nd7 29. Bg3 Nb6 30. Ne2 f5 31. h5 Nc4 32. Rd3 Qa4 33. Kb1 Rc6 34. Nc1 Rgc8 35. Nb3 Ba3 36. bxa3 Nxa3+ 37. Ka1 Nxc2+ 38. Kb1 Nb4 39. Rd2 Rc2 40. Rxc2 Rxc2 41. Qxc2 Nxc2 42. Kxc2 Qxa2+ 43. Kc3 a5 44. Be5 a4 45. Nd2 Qa1+ 0-1

[Event "FIN-ch 2019"]
[Site "Helsinki"]
[Date "2019.06.14"]
[Round "5.5"]
[White "Agopov, Mikael"]
[Black "Jarvenpaa, Jari"]
[Result "1-0"]
[ECO "B12"]
[WhiteElo "2432"]
[BlackElo "2204"]
[Annotator "ChessBase"]
[PlyCount "47"]
[EventDate "2019.06.10"]
[EventType "swiss"]
[EventCountry "FIN"]
[SourceTitle "playchess.com"]
[Source "ChessBase"]
[SourceQuality "1"]
[TimeControl "40/5400+30:1800+30"]

1. e4 c6 2. d4 d5 3. e5 c5 4. dxc5 Nc6 5. Be3 Nxe5 6. Bb5+ Nc6 7. c4 a6 8. Ba4 Be6 9. Nf3 dxc4 10. O-O Qc7 11. Qe2 Nf6 12. Nbd2 c3 13. Nc4 g6 14. Ng5 Ng4 15. Nd6+ exd6 16. Nxe6 fxe6 17. Qxg4 cxb2 18. Rab1 O-O-O 19. cxd6 Bxd6 20. Rxb2 Qg7 21. Qxe6+ Qd7 22. Qc4 Bc7 23. Rxb7 Qd6 24. Rxc7+ 1-0

[Event "FIN-ch 2019"]
[Site "Helsinki"]
[Date "2019.06.14"]
[Round "5.6"]
[White "Tiitta, Sauli"]
[Black "Lahdelma, Henri"]
[Result "1/2-1/2"]
[ECO "A00"]
[WhiteElo "2214"]
[BlackElo "2188"]
[Annotator "NA"]
[PlyCount "47"]
[EventDate "2019.06.10"]
[EventType "swiss"]
[EventCountry "FIN"]
[SourceTitle "playchess.com"]
[Source "ChessBase"]
[SourceQuality "1"]
[TimeControl "40/5400+30:1800+30"]

1. g4 d5 2. c4 dxc4 3. Bg2 Nc6 4. h3 e5 5. Bxc6+ bxc6 6. Qa4 Qd6 7. Nc3 h5 8. g5 Be6 9. Nf3 Ne7 10. b3 Bd7 11. bxc4 Ng6 12. Qa5 Qb4 13. Qa6 Be7 14. Rb1 Qd6 15. Ne4 Qe6 16. d3 O-O 17. Kd1 Bd6 18. Qa5 Rfb8 19. Rxb8+ Rxb8 20. Qxa7 Qe8 21. c5 Bf8 22. Qxc7 Rc8 23. Qb7 Rb8 24. Qc7 1/2-1/2

[Event "FIN-ch 2019"]
[Site "Helsinki"]
[Date "2019.06.14"]
[Round "5.7"]
[White "Ristoja, Samu"]
[Black "Lindholm, Jere"]
[Result "1-0"]
[ECO "D11"]
[WhiteElo "2197"]
[BlackElo "2145"]
[Annotator "ChessBase"]
[PlyCount "65"]
[EventDate "2019.06.10"]
[EventType "swiss"]
[EventCountry "FIN"]
[SourceTitle "playchess.com"]
[Source "ChessBase"]
[SourceQuality "1"]
[TimeControl "40/5400+30:1800+30"]

1. d4 d5 2. Nf3 Nf6 3. g3 c6 4. Bg2 Bf5 5. O-O e6 6. c4 Nbd7 7. b3 Be7 8. Bb2 h6 9. Nc3 Ne4 10. Nd2 Nxd2 11. Qxd2 dxc4 12. bxc4 Nb6 13. e4 Bg4 14. Qd3 Bf6 15. d5 Qe7 16. d6 Qd8 17. f4 e5 18. f5 Nd7 19. Bc1 Nc5 20. Qe3 Qxd6 21. Ba3 b6 22. Rfe1 Bg5 23. Qf2 Qd2 24. Bxc5 bxc5 25. Nb1 Qxf2+ 26. Kxf2 Rb8 27. h3 Rb2+ 28. Kf1 Bh5 29. g4 Ke7 30. Re2 Bc1 31. Nc3 Bd2 32. Na4 Rc2 33. Nxc5 1-0

[Event "FIN-ch 2019"]
[Site "Helsinki"]
[Date "2019.06.15"]
[Round "6.1"]
[White "Ronka, Erik"]
[Black "Keinanen, Toivo"]
[Result "1/2-1/2"]
[ECO "D58"]
[WhiteElo "2270"]
[BlackElo "2370"]
[Annotator "NA"]
[PlyCount "40"]
[EventDate "2019.06.10"]
[EventType "swiss"]
[EventCountry "FIN"]
[SourceTitle "playchess.com"]
[Source "ChessBase"]
[SourceQuality "1"]
[TimeControl "40/5400+30:1800+30"]

1. d4 d5 2. c4 e6 3. Nc3 Be7 4. Nf3 Nf6 5. Bg5 h6 6. Bh4 O-O 7. e3 b6 8. Be2 Bb7 9. Bxf6 Bxf6 10. cxd5 exd5 11. O-O Qd6 12. Rc1 c6 13. a3 Nd7 14. Re1 Rfe8 15. Bf1 c5 16. dxc5 bxc5 17. Nb5 Qb6 18. b4 c4 19. Nc3 Bxc3 20. Rxc3 a5 1/2-1/2

[Event "FIN-ch 2019"]
[Site "Helsinki"]
[Date "2019.06.15"]
[Round "6.2"]
[White "Koykka, Pekka"]
[Black "Sipila, Vilka"]
[Result "1-0"]
[ECO "B30"]
[WhiteElo "2399"]
[BlackElo "2410"]
[Annotator "NA"]
[PlyCount "99"]
[EventDate "2019.06.10"]
[EventType "swiss"]
[EventCountry "FIN"]
[SourceTitle "playchess.com"]
[Source "ChessBase"]
[SourceQuality "1"]
[TimeControl "40/5400+30:1800+30"]

1. e4 c5 2. Nf3 Nc6 3. Nc3 e5 4. Bc4 d6 5. d3 Be7 6. Nd2 Nf6 7. Nf1 Na5 8. Ne3 O-O 9. O-O Kh8 10. a3 Nxc4 11. dxc4 Bd7 12. a4 Ne8 13. Ncd5 Bg5 14. Qd3 Rc8 15. b3 Nf6 16. Nc3 Ne8 17. Ncd5 Be6 18. Bb2 Nc7 19. Rad1 Nxd5 20. Nxd5 a6 21. Qc3 Bh6 22. f4 Bg4 23. Rde1 exf4 24. Rxf4 Bh5 25. Ref1 Kg8 26. Qg3 Bg6 27. Rf6 gxf6 28. Bxf6 Qxf6 29. Nxf6+ Kh8 30. h4 Bg7 31. h5 Bxf6 32. Rxf6 Bxh5 33. Rxd6 Bg6 34. Qe5+ Kg8 35. Rd7 b6 36. Re7 Rc6 37. Qd5 Rf6 38. a5 bxa5 39. Qxc5 Rd8 40. Kh2 Rfd6 41. Qxa5 Rd2 42. c5 Kf8 43. Re5 R8d4 44. Qc3 Rd8 45. c6 Rd1 46. c7 Rc8 47. Qb4+ Kg7 48. Qb7 Rf8 49. c8=Q Kh6 50. Qxf8# 1-0

[Event "FIN-ch 2019"]
[Site "Helsinki"]
[Date "2019.06.15"]
[Round "6.3"]
[White "Agopov, Mikael"]
[Black "Nyysti, Sampsa"]
[Result "1/2-1/2"]
[ECO "C84"]
[WhiteElo "2432"]
[BlackElo "2320"]
[Annotator "NA"]
[PlyCount "110"]
[EventDate "2019.06.10"]
[EventType "swiss"]
[EventCountry "FIN"]
[SourceTitle "playchess.com"]
[Source "ChessBase"]
[SourceQuality "1"]
[TimeControl "40/5400+30:1800+30"]

1. e4 e5 2. Nf3 Nc6 3. Bb5 a6 4. Ba4 Nf6 5. O-O Be7 6. d3 b5 7. Bb3 d6 8. a3 O-O 9. Nc3 Bg4 10. Be3 Nd4 11. Bxd4 exd4 12. Nd5 c5 13. h3 Bd7 14. Qb1 Re8 15. Nf4 Bf8 16. Qa2 Re7 17. Rae1 Qe8 18. g4 Qc8 19. e5 dxe5 20. Nd5 Bxg4 21. Nxe7+ Bxe7 22. Bxf7+ Kh8 23. Nxe5 Bxh3 24. f3 Bd6 25. Rf2 c4 26. Bxc4 Bxe5 27. Rxe5 bxc4 28. Qxc4 Qd7 29. Rfe2 Qb7 30. Kf2 Rf8 31. Qc5 Qb8 32. Rg5 Ng4+ 33. Ke1 Qg3+ 34. Kd1 Qxf3 35. Qxd4 Nf6 36. Kd2 Bg4 37. Re1 h5 38. Kc1 Rc8 39. Kb1 Qc6 40. c4 Qc7 41. Rge5 Rd8 42. Qf4 Qd6 43. R1e3 Kg8 44. Qg5 Nh7 45. Qh4 Rb8 46. Ka2 Nf6 47. Re7 Qd4 48. Qf2 Rd8 49. Qh4 Rb8 50. Qf2 Rd8 51. Qh4 Qf4 52. R7e4 Qf5 53. Re5 Qf4 54. R5e4 Qf5 55. Re5 Qf4 1/2-1/2